 Dungeon Crawl Stone Soup version 0.30-a0-948-g4fa250aae5 (webtiles) character file.

Game seed: 5828261199518608959

12607 Iniera the Grappler (level 11, -19/60 HPs)
             Began as a Vine Stalker Fighter on Mar 27, 2023.
             Was a High Priest of Zin.
             Demolished by a cane toad (35 damage)
             ... on level 1 of the Lair of Beasts.
             The game lasted 00:16:07 (8368 turns).

Iniera the Grappler (Vine Stalker Fighter)          Turns: 8368, Time: 00:16:07

Health: -19/60     AC: 20    Str: 26    XL:     11   Next: 96%
Magic:  0/24       EV:  2    Int: 10    God:    Zin [*****.]
Gold:   392        SH:  0    Dex: 15    Spells: 10/10 levels left

rFire   . . .      SeeInvis .      - Unarmed
rCold   . . .      Faith    .    D - +0 kite shield
rNeg    . . .      Spirit   +    z - +0 plate armour
rPois   ∞          Reflect  .    (no helmet)
rElec   .          Rampage  .    q - +0 cloak {Stlth+}
rCorr   .                        C - +1 pair of gloves
Will    +....                    v - +2 pair of boots Stlth
                                 j - amulet of regeneration
HPRegen 1.90/turn                r - +5 ring of evasion
MPRegen 0.19/turn                u - ring of magical power

@: vitalised, sleeping
A: fangs 3, regeneration 1, magic shield, antimagic bite, no potion heal 2
a: Renounce Religion, Recite, Vitalisation, Imprison, Sanctuary, Donate Gold


You were on level 1 of the Lair of Beasts.
You worshipped Zin.
Zin was extremely pleased with you.
You visited 3 branches of the dungeon, and saw 12 of its levels.
You also visited: Bailey.

You collected 1806 gold pieces.
You spent 390 gold pieces at shops.
You donated 1024 gold pieces to Zin.

Inventory:

Armour
 q - a +0 cloak of stealth (worn)
 v - a +2 pair of boots (worn)
 z - a +0 plate armour (worn)
 C - a +1 pair of gloves (worn)
 D - a +0 kite shield (worn)
Jewellery
 f - a ring of poison resistance
 j - an amulet of regeneration (around neck)
 r - a +5 ring of evasion (left hand)
 u - a ring of magical power (right hand)
Wands
 e - a wand of flame (27)
 o - a wand of acid (4)
 y - a wand of paralysis (3)
 B - a wand of roots (12)
Scrolls
 a - a scroll of butterflies
 b - 3 scrolls of enchant weapon
 h - 3 scrolls of teleportation
 p - a scroll of immolation
 t - a scroll of amnesia
 A - 2 scrolls of fear
Potions
 c - 2 potions of magic
 d - 2 potions of brilliance
 i - 7 potions of curing
 k - 2 potions of ambrosia {unknown}
 l - a potion of attraction {unknown}
 m - 7 potions of heal wounds
 n - 2 potions of cancellation {unknown}
 s - a potion of flight {unknown}
 w - a potion of degeneration {unknown}
 x - a potion of mutation {unknown}


   Skills:
 + Level 8.5 Fighting
 + Level 7.3 Armour
 + Level 5.1 Shields
 * Level 12.9 Unarmed Combat
 + Level 5.0 Invocations


You had 10 spell levels left.
You didn't know any spells.
Your spell library contained the following spells:

 Spells                   Type           Power      Damage    Failure   Level
 Beastly Appendage        Tmut           0%         N/A       100%        1
 Shock                    Conj/Air       0%         1d3       100%        1
 Wereblood                Tmut           0%         N/A       100%        2
 Inner Flame              Hex/Fire       0%         N/A       100%        3
 Spider Form              Tmut/Pois      0%         N/A       100%        3
 Swiftness                Air            0%         N/A       100%        3
 Airstrike                Air            0%         2d(0-16)  100%        4
 Cause Fear               Hex            0%         N/A       100%        4
 Discord                  Hex            0%         N/A       100%        8


Dungeon Overview and Level Annotations

Branches:
Dungeon (10/15)            Temple (1/1) D:5            Lair (1/5) D:8
 Bailey (visited)
    Orc: D:9-12

Altars:
Ashenzari
Cheibriados
Dithmenos
Elyvilon
Fedhas
Gozag
Hepliaklqana
Kikubaaqudgha
Makhleb
Nemelex Xobeh
Okawaru
Qazlal
Ru
Sif Muna
Trog
Uskayaw
Vehumet
Wu Jian
Xom
Zin
The Shining One

Shops:
D:5 (   D:7 *

Portals:
Trove: D:10 (give +5 ice dragon scales)

Annotations:
D:3 2 transporters, DeathPants's ghost, amateur VSSu


Innate Abilities, Weirdness & Mutations

You have razor-sharp teeth.
Your natural rate of healing is unusually fast.
When hurt, damage is shared between your health and your magic reserves.
Your bite disrupts and absorbs the magic of your enemies.
Potions cannot restore your health.


Message History

The dream sheep "Baaaas" sleepily.
The dream sheep shake their wool and sparkle.
You feel drowsy...
You fall asleep.
The yak gores you!!
You wake up.
* * * LOW HITPOINT WARNING * * *
Unknown command.
Unknown command.
Unknown command.
Unknown command.
Unknown command.
Unknown command.
Unknown command.
You punch the yak! You bite the yak! You drain its power.
You feel invigorated.
The yak is almost dead.
The yak gores you.
* * * LOW HITPOINT WARNING * * *
You hit the yak. You bite the yak.
You kill the yak!
You punch the cane toad! Your bite misses the cane toad.
The cane toad is moderately wounded.
The cane toad stings you.
You barely miss the cane toad. You bite the cane toad. You drain its power.
You feel invigorated.
The cane toad is moderately wounded.
The cane toad stings you!
* * * LOW HITPOINT WARNING * * *
The cane toad barely misses you.
You punch the cane toad! You bite the cane toad. You drain its power.
You feel invigorated.
The cane toad is severely wounded.
The cane toad stings you!
* * * LOW HITPOINT WARNING * * *
You punch the cane toad!
The cane toad is almost dead.
The dream sheep ruffle their wool and motes of dream dust sparkle, to no effect.
The dream sheep shake their wool and sparkle.
You feel drowsy...
You fall asleep.
The cane toad stings you!!!
Ouch! That really hurt!
You die... ##...#.##....#... #.#........# ####.....### ###......### ######..........# ##.#.......#.#...## ##........######.YY### #.......### ##FYYY#

.......##
#@#Y..##
.....###
####YY.## #
....##
##Y..## .#
..###
##...## .#
### ##F..##
..## #
#....#....#
# ###†.†.Y#
##.....#
##...##


You could see a yak, a cane toad and 4 dream sheep.

Vanquished Creatures
  3 two-headed ogres (D:10)
  Joseph (D:7)
  2 cane toads (Lair:1)
  A rime drake (Lair:1)
  4 komodo dragons
  2 guardian mummies (D:10)
  A hornet (D:9)
  Grinder (D:3)
  2 blink frogs (Lair:1)
  Sigmund (D:5)
  9 yaks (Lair:1)
  2 steam dragons
  Eustachio (D:5)
  4 humans
  Menkaure (D:5)
  Edmund (D:5)
  3 water moccasins
  A black bear (D:5)
  3 orc warriors
  5 centaurs
  3 wolves (Lair:1)
  An ogre (D:5)
  Blork the orc (D:4)
  A kobold brigand (D:8)
  6 bullfrogs
  2 gnoll sergeants
  2 scorpions
  10 wights
  19 killer bees
  14 howler monkeys
  A jelly (D:5)
  A hound (D:7)
  2 orc priests
  Crazy Yiuf (D:7)
  A gnoll bouda (D:5)
  Jessica (D:2)
  3 iguanas
  10 orc wizards
  2 human simulacra (D:10)
  12 gnolls
  5 adders
  A shadow imp (D:5)
  2 worms
  4 dart slugs
  31 orcs
  10 bats
  8 endoplasms
  2 giant cockroaches
  12 goblins
  8 hobgoblins
  4 jackals (D:1)
  2 quokkas
  4 ball pythons
  8 frilled lizards
  18 kobolds
  7 rats
267 creatures vanquished.

Vanquished Creatures (others)
  A human (D:10)
  A kobold brigand (D:8)
  3 kobolds (D:8)
  3 fungi (Lair:1)
  6 plants
14 creatures vanquished.

Grand Total: 281 creatures vanquished

Notes
Turn   | Place    | Note
-------+----------+-------------------------------------------
     0 | D:1      | Iniera the Vine Stalker Fighter began the quest for the
                  | Orb.
     0 | D:1      | Reached XP level 1. HP: 11/11 MP: 2/2
    86 | D:1      | Reached XP level 2. HP: 16/16 MP: 3/3
   185 | D:1      | Reached skill level 3 in Unarmed Combat
   408 | D:1      | Reached XP level 3. HP: 19/19 MP: 4/4
   695 | D:2      | You fall into a shaft and drop 2 floors!
   746 | D:4      | Reached skill level 4 in Unarmed Combat
   753 | D:4      | Gained mutation: Your natural rate of healing is unusually
                  | fast. [Vine Stalker growth]
   753 | D:4      | Reached XP level 4. HP: 7/23 MP: 2/5
   819 | D:4      | Noticed a scorpion
   838 | D:4      | Killed a scorpion
   839 | D:4      | Reached skill level 5 in Unarmed Combat
   839 | D:4      | Reached XP level 5. HP: 22/27 MP: 3/6
  1028 | D:3      | Found a transporter.
  1028 | D:3      | Noticed DeathPants's ghost (amateur VSSu)
  1029 | D:3      | Found a transporter.
  1128 | D:3      | Found an iron altar of Okawaru.
  1253 | D:2      | Reached skill level 6 in Unarmed Combat
  1302 | D:2      | Noticed Jessica
  1318 | D:2      | Killed Jessica
  1319 | D:2      | Reached XP level 6. HP: 31/32 MP: 7/7
  2125 | D:3      | Noticed Grinder
  2142 | D:3      | Paralysed by Grinder for 2 turns
  2149 | D:3      | Killed Grinder
  2150 | D:3      | Reached skill level 7 in Unarmed Combat
  2150 | D:3      | Reached XP level 7. HP: 15/36 MP: 8/8
  2669 | D:4      | Noticed Blork the orc
  2681 | D:4      | Killed Blork the orc
  2703 | D:4      | Found a snail-covered altar of Cheibriados.
  3011 | D:5      | Entered Level 5 of the Dungeon
  3249 | D:5      | Noticed Eustachio
  3269 | D:5      | Killed Eustachio
  3293 | D:5      | Found Agofi's Antique Weapon Shop.
  3332 | D:5      | Reached skill level 8 in Unarmed Combat
  3355 | D:5      | Noticed Menkaure
  3358 | D:5      | Killed Menkaure
  3359 | D:5      | Gained mutation: You have razor-sharp teeth. [Vine Stalker
                  | growth]
  3359 | D:5      | Reached XP level 8. HP: 42/42 MP: 9/9
  3428 | D:5      | Reached skill level 1 in Invocations
  3527 | D:5      | Found a staircase to the Ecumenical Temple.
  3550 | Temple   | Entered the Ecumenical Temple
  3729 | D:5      | Noticed Sigmund
  3738 | D:5      | Killed Sigmund
  3805 | D:5      | Noticed Edmund
  3815 | D:5      | HP: 1/42 [Edmund/+2 dire flail of protection (8)]
  3826 | D:5      | HP: 1/42 [Edmund/+2 dire flail of protection (6)]
  3833 | D:5      | Killed Edmund
  3834 | D:5      | Reached skill level 9 in Unarmed Combat
  4028 | D:5      | Found a radiant altar of Vehumet.
  4175 | D:6      | Reached skill level 5 in Fighting
  4176 | D:6      | Reached XP level 9. HP: 47/47 MP: 12/12
  4256 | D:6      | Found a shadowy altar of Dithmenos.
  4295 | D:6      | Found a stormy altar of Qazlal.
  4614 | D:6      | Found a sparkling altar of Nemelex Xobeh.
  4886 | D:7      | Found a flagged portal.
  4894 | Bailey   | Entered a bailey
  4903 | Bailey   | Reached skill level 10 in Unarmed Combat
  5122 | D:7      | Noticed Joseph
  5139 | D:7      | Killed Joseph
  5140 | D:7      | Reached skill level 5 in Armour
  5140 | D:7      | Reached XP level 10. HP: 45/53 MP: 13/13
  5194 | D:7      | Found Joopp's General Store.
  5205 | D:7      | Bought an amulet of regeneration for 390 gold pieces
  5237 | D:7      | Reached skill level 11 in Unarmed Combat
  5279 | D:7      | Found a runed translucent door.
  5280 | D:7      | Noticed Crazy Yiuf
  5449 | D:7      | Killed Crazy Yiuf
  5733 | D:8      | Found a staircase to the Lair.
  6032 | D:8      | Identified a scroll of acquirement
  6032 | D:8      | Acquired 912 gold pieces
  6716 | D:9      | Found an ornate altar of the Wu Jian Council.
  6831 | D:9      | Found a glowing silver altar of Zin.
  6836 | D:9      | Became a worshipper of Zin the Law-Giver
  6836 | D:9      | Reached * piety under Zin
  6836 | D:9      | Reached ** piety under Zin
  6837 | D:9      | Donated 517 gold pieces to Zin
  6864 | D:9      | Reached *** piety under Zin
  6894 | D:9      | Paralysed by a hornet for 1 turns
  6987 | D:9      | Identified the +0 leather armour "Ismu Onnu" {Dex+4 SInv}
  7044 | D:9      | Found a shimmering blue altar of Sif Muna.
  7116 | D:9      | Found a broken altar of Ashenzari.
  7312 | D:10     | Entered Level 10 of the Dungeon
  7437 | D:10     | Reached **** piety under Zin
  7449 | D:10     | Noticed a two-headed ogre
  7455 | D:10     | Killed a two-headed ogre
  7456 | D:10     | Reached XP level 11. HP: 56/59 MP: 15/15
  7499 | D:10     | Noticed a two-headed ogre
  7506 | D:10     | Killed a two-headed ogre
  7565 | D:10     | Noticed a two-headed ogre
  7572 | D:10     | Killed a two-headed ogre
  7573 | D:10     | Reached skill level 12 in Unarmed Combat
  7746 | D:10     | Found an ancient bone altar of Kikubaaqudgha.
  7818 | D:10     | Found a portal to a secret trove of treasure.
  7831 | D:10     | Reached ***** piety under Zin
  7832 | D:10     | Donated 366 gold pieces to Zin
  7927 | Lair:1   | Entered Level 1 of the Lair of Beasts
  8332 | Lair:1   | Reached skill level 5 in Shields
  8355 | Lair:1   | Reached skill level 5 in Invocations
  8368 | Lair:1   | Demolished by a cane toad

Illustrated notes

Levels and vault maps discovered:
D:1:      dpeg_arrival_simpleton_c, layout_basic
D:2:      layout_basic, uniq_jessica
D:3:      layout_loops_ring, okawaru_altar_gauntlet_db, gammafunk_ghost_arena,
          minmay_misc_feat_roman, lexackson_kobold_supper, uniq_grinder
D:4:      layout_loops_ring, kennysheep_slug_shrine, uniq_blork_the_orc
D:5:      layout_basic, vehumet_altar_wand_db, minmay_temple_entry_ruins,
          serial_shops, shop, uniq_menkaure, uniq_eustachio, uniq_edmund,
          uniq_sigmund
D:6:      layout_gridville, lemuel_crystal_altar, nemelex_diamond_rough_becter,
          nicolae_qazlal_style_of_elements
D:7:      layout_basic, serial_shops, shop_statue, enter_bailey_3,
          chequers_mini_garden, uniq_crazy_yiuf_cottage, uniq_joseph
D:8:      layout_cave_pods, lair_entry_dummy, minmay_crossroads
D:9:      layout_roguey, nicolae_ashenzari_skybound, led_sif_pool, zin_statuary,
          nicolae_wu_jian_wuxing_cycle
D:10:     layout_irregular_city, mainiacjoe_overflow_alcove_1,
          tgw_kikubaaqudgha, nicolae_trove_entry_path_of_doom, bh_circular_ruins
Temple:   hellmonk_temple_flake
Lair:1:   layout_hall_layers, grunt_megastairs_5, serial_bayou_shore_a

Skill      XL: |  1  2  3  4  5  6  7  8  9 10 11 |
---------------+----------------------------------+-----
Unarmed Combat | 3 4 5 6 7 8 9 10 11 12 | 12.9
Fighting       | 3 4 5 6 7 8 |  8.5
Invocations    | 2 4 5 |  5.0
Armour         | 3 5 6 7 |  7.3
Shields        | 3 5 |  5.1

Action                     |  1- 3 |  4- 6 |  7- 9 | 10-12 || total
---------------------------+-------+-------+-------+-------++-------
  Melee: Unarmed           |    81 |   130 |   247 |   406 ||   864
         Bite              |    17 |    29 |    74 |   127 ||   247
 Invoke: Vitalisation      |       |       |       |     3 ||     3
         Donate Gold       |       |       |       |     2 ||     2
  Evoke: Wand              |       |       |       |     5 ||     5
    Use: Scroll            |       |     6 |     7 |     8 ||    21
         Potion            |       |     1 |     5 |     1 ||     7
 Armour: Scale mail        |    40 |    43 |    64 |    36 ||   183
         Plate armour      |       |       |       |   184 ||   184
  Dodge: Dodged            |    30 |    44 |   146 |   222 ||   442
  Block: Buckler           |    14 |    20 |    44 |    50 ||   128
         Kite shield       |       |       |       |    97 ||    97

Table legend: (Time is in decaauts)
 A = Elapsed time spent in this place.
 B = Non-inter-level travel time spent in this place.
 C = Inter-level travel time spent in this place.
 D = Time resting spent in this place.
 E = Time spent auto-exploring this place.
 F = Levels seen in this place.
 G = Mean time per level.
                   A        B        C        D        E       F      G
               +--------+--------+--------+--------+--------+-----+--------+
         Total |   8284 |   7702 |    582 |    176 |   5751 |  13 |  637.2 |
       Dungeon |   7642 |   7071 |    571 |    176 |   5291 |  10 |  764.2 |
        Temple |    173 |    163 |     10 |      0 |    153 |   1 |  173.0 |
          Lair |    433 |    433 |      0 |      0 |    298 |   1 |  433.0 |
        Bailey |     34 |     34 |      0 |      0 |      9 |   1 |   34.0 |
               +--------+--------+--------+--------+--------+-----+--------+

Top non-repeatable levels by time:
     D:8: 947 daAuts
     D:9: 906 daAuts
     D:5: 899 daAuts
     D:2: 862 daAuts
     D:3: 815 daAuts
     D:4: 728 daAuts
     D:7: 698 daAuts
     D:1: 626 daAuts
     D:6: 599 daAuts
    D:10: 559 daAuts
  Lair:1: 433 daAuts
  Temple: 173 daAuts
  Bailey: 34 daAuts
